 Dungeon Crawl Stone Soup version 0.29.1-13-g9f3cf754e1 (webtiles) character file.

Game seed: 163461262871298030

504 promet the Sneak (level 7, 0/46 HPs)
             Began as an Octopode Brigand on Feb 1, 2023.
             Was a Follower of Uskayaw.
             Slain by a phantom (5 damage)
             ... on level 4 of the Dungeon on Feb 2, 2023.
             The game lasted 00:32:03 (6778 turns).

promet the Sneak (Octopode Brigand)                 Turns: 6778, Time: 00:32:04

Health: 0/46       AC:  1    Str: 11    XL:     7   Next: 17%
Magic:  7/7        EV: 13    Int: 15    God:    Uskayaw [*.....]
Gold:   284        SH:  0    Dex: 13    Spells: 6/6 levels left

rFire   . . .      SeeInvis .   a - +0 great sword
rCold   . . .      Faith    .   (shield currently unavailable)
rNeg    . . .      Spirit   .   (helmet restricted)
rPois   .          Reflect  .   (no amulet)
rElec   .          Harm     .   (no ring)
rCorr   .          Rampage  .   (no ring)
Will    .....                   (no ring)
Stlth   ++++......              (no ring)
HPRegen 0.15/turn               (no ring)
MPRegen 0.10/turn               (no ring)
                                (no ring)
                                (no ring)

@: no status effects
A: almost no armour, amphibious, 8 rings, camouflage 1, gelatinous body 1,
(nimble swimmer 1), tentacles
a: Renounce Religion, Stomp


You were on level 4 of the Dungeon.
You worshipped Uskayaw.
Uskayaw was noncommittal.
You visited 1 branch of the dungeon, and saw 4 of its levels.

You collected 284 gold pieces.

Inventory:

Hand Weapons
 a - a +0 great sword (weapon)
 b - a +0 sling
 f - a +2 dagger
 m - a +1 quick blade
 r - a +3 trident
Missiles
 c - 3 curare-tipped darts
 e - 16 stones (quivered)
 l - 9 poisoned darts
Magical Staves
 q - a staff of conjuration
Jewellery
 g - an amulet of guardian spirit
Scrolls
 n - a scroll of magic mapping
 o - 2 scrolls of fear
Potions
 d - 3 potions of cancellation
 i - a potion of degeneration {unknown}
 j - a potion of ambrosia {unknown}
 p - 3 potions of attraction
 s - a potion of haste {unknown}


   Skills:
 * Level 3.4 Fighting
 + Level 2.1(3.5) Short Blades
 + Level 4.4(4.6) Long Blades
 + Level 2.1 Ranged Weapons
 + Level 2.3 Throwing
 + Level 1.9 Dodging
 + Level 7.3 Stealth


You had 6 spell levels left.
You didn't know any spells.
Your spell library contained the following spells:

 Spells                   Type           Power      Damage    Failure   Level
 Animate Dead             Necr           0%         N/A       95%         4
 Summon Lightning Spire   Summ/Air       0%         N/A       95%         4
 Yara's Violent Unravell  Hex/Tmut       0%         3d3       100%        5
 Death Channel            Necr           0%         N/A       100%        6
 Spellforged Servitor     Conj/Summ      0%         N/A       100%        7
 Dragon's Call            Summ           0%         N/A       100%        9


Dungeon Overview and Level Annotations

Branches:
Dungeon (4/15)
 Temple: D:4-7

Altars:
Cheibriados
Elyvilon
Fedhas
Makhleb
Uskayaw
Vehumet
Wu Jian
Lugonu

Portals:
Abyss: D:4


Innate Abilities, Weirdness & Mutations

You cannot wear most types of armour.
You are amphibious.
You can wear up to eight rings at the same time.
Your skin changes colour to match your surroundings (Stealth+).
Your rubbery body absorbs attacks. (AC +1, EV +1)
((You are camouflaged when in or above water. (Stealth+)))
You have tentacles for arms and can constrict up to eight enemies at once.


Message History

The phantom hits you. The phantom completely misses you.
You miss the phantom. Your squeeze misses the phantom.
The phantom is severely damaged.
The phantom closely misses you.
You completely miss the phantom.
The phantom is severely damaged.
The phantom hits you but does no damage.
The phantom hits you.
You closely miss the phantom.
Your tentacle-slap misses the phantom.
The phantom is severely damaged.
The phantom closely misses you.
You closely miss the phantom. Your squeeze misses the phantom.
The phantom is severely damaged.
The phantom barely misses you. The phantom closely misses you.
You closely miss the phantom. Your squeeze misses the phantom.
The phantom is severely damaged.
The phantom hits you but does no damage.
You completely miss the phantom.
The phantom is severely damaged.
The phantom hits you.
The phantom blinks!
You blink.
The phantom hits you.
You hit the phantom. Your squeeze misses the phantom.
The phantom is almost destroyed.
The phantom closely misses you.
You barely miss the phantom.
The phantom is almost destroyed.
The phantom hits you.
The phantom blinks!
You blink.
The phantom hits you!
* * * LOW HITPOINT WARNING * * *
The phantom blinks!
You blink.
You hit the phantom.
The phantom is almost destroyed.
The phantom hits you.
* * * LOW HITPOINT WARNING * * *
You barely miss the phantom. Your squeeze misses the phantom.
The phantom is almost destroyed.
The phantom closely misses you. The phantom hits you.
* * * LOW HITPOINT WARNING * * *
You hit the phantom but do no damage.
The phantom is almost destroyed.
The phantom hits you.
You die...

##.###....###.##.##'###
##.....)#...........#
......#.#.........###
...######.........#
......###..#......#
..........##.....####
........#..#........#
.......##...........##
......####.....W@#...##
..#.####.#............#
#.######.............##
#...)..............###
....#....#......####
...#####..#......#
....#...#.##......#
...#.#.#.#.##....##
..#.#..##.#......#


You could see a phantom.

Vanquished Creatures
  3 jellies (D:4)
  4 wights (D:4)
  6 adders
  3 worms
  2 dart slugs
  An orc (D:3)
  6 ball pythons
  9 endoplasms
  5 giant cockroaches
  9 goblins
  8 hobgoblins
  8 jackals
  5 quokkas
  6 bats
  6 frilled lizards
  5 kobolds
  4 rats
  A lurking horror (D:4)
91 creatures vanquished.

Vanquished Creatures (collateral kills)
  An endoplasm (D:4)
  A ball python (D:4)
2 creatures vanquished.

Vanquished Creatures (others)
  2 plants (D:3)
2 creatures vanquished.

Grand Total: 95 creatures vanquished

Notes
Turn   | Place    | Note
-------+----------+-------------------------------------------
     0 | D:1      | promet the Octopode Brigand began the quest for the Orb.
     0 | D:1      | Reached XP level 1. HP: 14/14 MP: 1/1
    37 | D:1      | Reached XP level 2. HP: 10/19 MP: 2/2
   369 | D:1      | Reached skill level 6 in Stealth
   902 | D:1      | Reached XP level 3. HP: 23/24 MP: 3/3
  2514 | D:2      | Reached skill level 7 in Stealth
  2514 | D:2      | Reached XP level 4. HP: 24/29 MP: 4/4
  2683 | D:2      | Found a faded altar of an unknown god.
  3178 | D:3      | Got Mnoleg's Papyrus of Rallying
  3325 | D:3      | Reached skill level 1 in Long Blades
  4457 | D:4      | Reached XP level 5. HP: 23/35 MP: 5/5
  5057 | D:4      | Found a snail-covered altar of Cheibriados.
  5291 | D:4      | Noticed a phantom
  5591 | D:4      | Reached XP level 6. HP: 31/41 MP: 6/6
  5824 | D:4      | Found a hide-covered altar of Uskayaw.
  5824 | D:4      | Found a white marble altar of Elyvilon.
  5826 | D:4      | Found an ornate altar of the Wu Jian Council.
  5828 | D:4      | Found a burning altar of Makhleb.
  5829 | D:4      | Found a blossoming altar of Fedhas.
  5836 | D:4      | Became a worshipper of Uskayaw the Reveller
  5859 | D:4      | Reached * piety under Uskayaw
  5863 | D:4      | Reached skill level 1 in Ranged Weapons
  6028 | D:4      | Reached ** piety under Uskayaw
  6181 | D:4      | Reached XP level 7. HP: 37/46 MP: 7/7
  6265 | D:4      | Found a radiant altar of Vehumet.
  6390 | D:4      | Got the Opusculum on Macabre Interference
  6436 | D:4      | Found a corrupted altar of Lugonu.
  6437 | D:4      | Found a one-way gate to the infinite horrors of the Abyss.
  6778 | D:4      | Slain by a phantom

Illustrated notes

Levels and vault maps discovered:
D:1:      ncdulo_watergridlock, layout_basic, st_stairs_3, minmay_pentomino_x4
D:2:      layout_basic, ebering_ecumenical_altar_hall, palyth_stone_intersect
D:3:      wad_lake_hut, layout_basic, hangedman_decor_lopped
D:4:      layout_cave_pools, mainiacjoe_overflow_24_doors, minitemple,
          st_stairs_14, amcnicky_altar_lugonu_corruption

Skill      XL: |  1  2  3  4  5  6  7 |
---------------+----------------------+-----
Stealth        | 6 7 |  7.3
Long Blades    | 2 3 4 |  4.4
Fighting       | 3 |  3.4
Ranged Weapons | 1 2 |  2.1
Short Blades   | |  2.1
Throwing       | |  2.3
Dodging        | |  1.9

Action                   |  1- 3 |  4- 6 |  7- 9 || total
-------------------------+-------+-------+-------++-------
Melee: Dagger            |    66 |       |       ||    66
       Constrict         |    19 |    11 |     2 ||    32
       Tentacles         |    11 |    14 |     4 ||    29
       Great sword       |    17 |    72 |    44 ||   133
       Punch             |       |     1 |       ||     1
 Fire: Sling             |     1 |    32 |     8 ||    41
Throw: Stone             |     4 |     4 |     1 ||     9
  Use: Scroll            |     1 |    10 |     1 ||    12
       Potion            |       |     2 |     5 ||     7
 Stab: Sleeping          |    10 |    13 |       ||    23
Armor: Skin              |     9 |     4 |     7 ||    20
Dodge: Dodged            |    41 |    52 |    47 ||   140
